 Dungeon Crawl Stone Soup version 0.28-a0-779-g3d1f99b579 (webtiles) character file.

Game seed: 920967769523650743

6312 siradein the Ruffian (level 10, -8/98 HPs)
             Began as a Troll Transmuter on Nov 2, 2021.
             Was a Priest of Uskayaw.
             Killed by divine providence
             ... invoked by an orc priest
              (13 damage)
             ... on level 10 of the Dungeon.
             The game lasted 00:34:52 (7465 turns).

siradein the Ruffian (Troll Transmuter)             Turns: 7465, Time: 00:34:53

Health: -8/98      AC:  7    Str: 23    XL:     10   Next: 64%
Magic:  14/15      EV: 12    Int: 12    God:    Uskayaw [***...]
Gold:   472        SH:  0    Dex: 16    Spells: 7/17 levels left

rFire   . . .      SeeInvis .     - Unarmed
rCold   + . .      Faith    .   (no shield)
rNeg    + . .      Spirit   .   u - +1 robe of the Arcane {rPois Slay+6}
rPois   +          Reflect  .   (helmet restricted)
rElec   .          Harm     .   (no cloak)
rCorr   .          Rampage  .   (gloves unavailable)
Will    +....                   (boots unavailable)
Stlth   +.........              (no amulet)
HPRegen 1.26/turn               C - +6 ring of dexterity
MPRegen 0.14/turn               z - ring "Keepp" {Fly rC+ rN+ Str+3}

@: lethally poisoned (-8 -> -10), wereblooded, flying, slowed, very slow
A: large, unfitting armour, claws 3, regeneration 1, shaggy fur 1, tough skin 1,
fangs 1, iridescent scales 1, strong-willed 1
a: Renounce Religion, Stomp, Line Pass


You were on level 10 of the Dungeon.
You worshipped Uskayaw.
Uskayaw was noncommittal.
You visited 2 branches of the dungeon, and saw 12 of its levels.

You collected 472 gold pieces.

Inventory:

Hand Weapons
 x - the +5 morningstar of Hatred {pain, +Blink rPois rC- MP+9}
   (You found it on level 8 of the Dungeon)

   In the hands of one skilled in necromantic magic, it inflicts extra damage on
   living creatures.
   rC:        It makes you vulnerable to cold.
   rPois:     It protects you from poison.
   MP:        It affects your magic capacity (+9).
   +Blink:    It lets you blink.
 D - the +8 arbalest of Blood {flame, Dex+3 SInv}
   (You found it on level 10 of the Dungeon)

   Any ammunition fired from it burns those it strikes, dealing additional fire
   damage.
   Dex:       It affects your dexterity (+3).
   SInv:      It lets you see invisible.
Missiles
 e - 89 poisoned darts
Armour
 u - the +1 robe of the Arcane (worn) {rPois Slay+6}
   (You found it on level 7 of the Dungeon)

   Slay:      It affects your accuracy & damage with ranged weapons and melee
   (+6).
   rPois:     It protects you from poison.
Jewellery
 i - a ring of willpower
 m - a ring of protection from fire
 r - a ring of protection from fire
 v - a ring of positive energy
 w - a ring of magical power
 z - the ring "Keepp" (right claw) {Fly rC+ rN+ Str+3}
   (You found it on level 8 of the Dungeon)

   [ring of positive energy]

   Str:       It affects your strength (+3).
   rC:        It protects you from cold.
   rN:        It protects you from negative energy.
   Fly:       It grants you flight.
 C - a +6 ring of dexterity (left claw)
Wands
 k - a wand of charming (23)
 p - a wand of iceblast (9)
Scrolls
 a - a scroll of blinking {unknown}
 b - 2 scrolls of enchant armour
 d - a scroll of immolation {unknown}
 g - 2 scrolls of teleportation
 j - a scroll of amnesia {unknown}
 o - 4 scrolls of magic mapping {unknown}
 q - a scroll of vulnerability {unknown}
 s - a scroll of summoning {unknown}
 t - 4 scrolls of identify
 y - a scroll of fear {unknown}
 A - a scroll of enchant weapon {unknown}
 B - a scroll of holy word {unknown}
Potions
 c - a potion of mutation
 f - 2 potions of curing
 h - 2 potions of flight
 l - 2 potions of magic
 n - 4 potions of brilliance


   Skills:
 + Level 5.6 Fighting
 + Level 5.9 Dodging
 + Level 7.5 Unarmed Combat
 + Level 4.4 Spellcasting
 + Level 5.2 Transmutations
 + Level 5.0 Invocations


You had 7 spell levels left.
You knew the following spells:

 Your Spells              Type           Power      Damage    Failure   Level
a - Beastly Appendage     Tmut           30%        N/A       2%          1
b - Wereblood             Tmut           15%        N/A       3%          2
c - Ice Form              Ice/Tmut       9%         N/A       56%         4
d - Spider Form           Tmut/Pois      9%         N/A       22%         3

Your spell library contained the following spells:

 Spells                   Type           Power      Damage    Failure   Level
 Foxfire                  Conj/Fire      8%         2x1d4     22%         1
 Conjure Flame            Conj/Fire      2%         6-21      54%         3
 Dazzling Flash           Conj/Hex       4%         N/A       54%         3
 Inner Flame              Hex/Fire       2%         N/A       54%         3
 Flame Wave               Conj/Fire      2%         3d3       91%         4
 Agony                    Necr           2%         N/A       99%         5
 Silence                  Hex/Air        1%         N/A       99%         5
 Conjure Ball Lightning   Conj/Air       1%         3x3d6     100%        6
 Discord                  Hex            1%         N/A       100%        8
 Disjunction              Tloc           1%         N/A       100%        8


Dungeon Overview and Level Annotations

Branches:
Dungeon (11/15)            Temple (1/1) D:5            Lair (0/6) D:9
    Orc: D:9-12

Altars:
Ashenzari
Cheibriados
Dithmenos
Elyvilon
Fedhas
Gozag
Hepliaklqana
Kikubaaqudgha
Makhleb
Nemelex Xobeh
Okawaru
Qazlal
Ru
Sif Muna
Trog
Uskayaw
Vehumet
Wu Jian
Xom
Yredelemnul
Zin
The Shining One

Shops:
D:5 :

Annotations:
D:7 Harold
D:8 3 runed translucent doors, Dittersdorf's ghost, journeyman GrFi


Innate Abilities, Weirdness & Mutations

You are too large for most types of armour.
You have claws for hands.
Your natural rate of healing is unusually fast.
You are covered in fur. (AC +1)
You have tough skin. (AC +1)
You have very sharp teeth.
You are partially covered in iridescent scales. (AC +2)
You are strong-willed. (Will+)


Message History

You claw the orc!
You feel a bit better.
You kill the orc!
Your horns disappear.
Your talons disappear.
The orc priest invokes the aid of Beogh against you.
Beogh smites you!
* * * LOW HITPOINT WARNING * * *
A killer bee comes into view.
The orc priest begins to cast a cantrip, but forgets the words!
You claw the orc!
You feel a bit better.
You kill the orc!
The killer bee stings you.
* * * LOW HITPOINT WARNING * * *
The killer bee stings you.
* * * LOW HITPOINT WARNING * * *
A centaur warrior zombie comes into view.
The orc priest mumbles some strange prayers to Beogh against you.
Beogh smites you!
* * * LOW HITPOINT WARNING * * *
The killer bee closely misses you. The killer bee completely misses you.
You mangle the orc!!
You feel a bit better.
You kill the orc!
The killer bee closely misses you. The killer bee misses you.
The killer bee stings you.
* * * LOW HITPOINT WARNING * * *
The killer bee stings you but does no damage. x2
The orc priest hits you with a +0 short sword.
* * * LOW HITPOINT WARNING * * *
The killer bee stings you.
* * * LOW HITPOINT WARNING * * *
Items here: )))) [[ ††.
You scratch the orc priest. Your claw misses the orc priest.
The orc priest is lightly wounded.
The killer bee stings you but does no damage.
The killer bee stings you.
* * * LOW HITPOINT WARNING * * *
You are poisoned.
The killer bee poisons you!
The orc priest invokes the aid of Beogh against you.
Beogh smites you!
You die...

#.......#
#.......#
#....Z..#
#.......# .
#..>....+ ....
###yy.....#
.....+.yy#######
.....###y#
...... #@#
......##o#
#....)..#
##.......#
#........#
#..##')).# #.
##.#.# # #.###
..


You could see 5 killer bees and an orc priest.

Vanquished Creatures
  A centaur zombie (D:9)
  A kobold demonologist (D:8)
  A freezing wraith (D:10)
  A troll (D:9)
  2 hornets (D:9)
  Grinder (D:3)
  2 wyverns
  A shadow (D:9)
  A vampire (D:9)
  2 steam dragons (D:8)
  Menkaure (D:6)
  An acid dragon (D:8)
  An orc warrior (D:10)
  6 ogres
  A necrophage (D:5)
  4 wolves (D:9)
  Blork the orc (D:5)
  4 bullfrogs
  15 kobold brigands
  A wyvern zombie (D:6)
  A water moccasin skeleton (D:4)
  4 electric eels (D:9)
  A jelly (D:6)
  7 hounds
  2 centaur skeletons
  2 iguanas
  2 bullfrog skeletons
  Ijyb (D:5)
  A scorpion zombie (D:5)
  An orc wizard (D:4)
  A killer bee zombie (D:8)
  2 howler monkey zombies
  5 adders
  6 gnolls (D:2)
  A howler monkey skeleton (D:7)
  2 white imps (D:6)
  An adder skeleton (D:4)
  2 worms
  A dart slug (D:3)
  32 orcs
  5 bats
  4 endoplasms
  9 goblins
  9 hobgoblins
  2 jackals (D:5)
  2 quokkas
  6 ball pythons
  4 frilled lizards
  20 kobolds
  7 rats
191 creatures vanquished.

Vanquished Creatures (collateral kills)
  Sigmund (D:6)
1 creature vanquished.

Vanquished Creatures (others)
  A fungus (D:8)
1 creature vanquished.

Grand Total: 193 creatures vanquished

Notes
Turn   | Place    | Note
-------+----------+-------------------------------------------
     0 | D:1      | siradein the Troll Transmuter began the quest for the Orb.
     0 | D:1      | Reached XP level 1. HP: 18/18 MP: 1/1
   160 | D:1      | Reached skill level 1 in Fighting
   215 | D:1      | Reached XP level 2. HP: 27/27 MP: 3/3
   482 | D:1      | Found a faded altar of an unknown god.
   642 | D:2      | Reached XP level 3. HP: 30/33 MP: 2/4
   729 | D:2      | Found a shimmering altar of Xom.
   738 | D:2      | Reached XP level 4. HP: 41/41 MP: 3/5
   817 | D:2      | Learned a level 2 spell: Wereblood
  1117 | D:3      | Noticed Grinder
  1118 | D:3      | Paralysed by Grinder for 3 turns
  1127 | D:3      | Killed Grinder
  1128 | D:3      | Reached skill level 4 in Unarmed Combat
  1128 | D:3      | Reached XP level 5. HP: 49/49 MP: 3/7
  1128 | D:3      | Reached XP level 6. HP: 57/57 MP: 3/8
  1281 | D:3      | Found an iron altar of Okawaru.
  1287 | D:3      | Found a bloodstained altar of Trog.
  1292 | D:3      | Found a blossoming altar of Fedhas.
  2093 | D:4      | Found a hazy altar of Hepliaklqana.
  2374 | D:4      | Reached XP level 7. HP: 53/66 MP: 9/9
  2700 | D:4      | Gained mutation: You are strong-willed. (Will+) [potion of
                  | mutation]
  2700 | D:4      | Gained mutation: You are partially covered in iridescent
                  | scales. (AC +2) [potion of mutation]
  2700 | D:4      | Gained mutation: You have very sharp teeth. [potion of
                  | mutation]
  2728 | D:5      | Entered Level 5 of the Dungeon
  2755 | D:5      | Found Jalocs's Book Boutique.
  2914 | D:5      | Noticed Ijyb
  2926 | D:5      | Killed Ijyb
  2944 | D:5      | Found a staircase to the Ecumenical Temple.
  2965 | Temple   | Entered the Ecumenical Temple
  3088 | Temple   | Became a worshipper of Uskayaw the Reveller
  3112 | D:5      | Reached * piety under Uskayaw
  3115 | D:5      | Reached ** piety under Uskayaw
  3121 | D:5      | Reached *** piety under Uskayaw
  3272 | D:5      | Reached skill level 1 in Invocations
  3394 | D:5      | Reached XP level 8. HP: 51/75 MP: 11/11
  3396 | D:5      | Reached skill level 5 in Unarmed Combat
  3432 | D:5      | Noticed Blork the orc
  3441 | D:5      | Killed Blork the orc
  3973 | D:6      | Noticed Menkaure
  3993 | D:6      | Killed Menkaure
  4122 | D:6      | Noticed Sigmund
  4152 | D:6      | Killed Sigmund
  5036 | D:7      | Reached XP level 9. HP: 83/84 MP: 13/13
  5048 | D:7      | Noticed Harold
  5229 | D:7      | Identified the +1 robe of the Arcane {rPois Slay+6}
  5591 | D:8      | Found a runed translucent gate.
  5625 | D:8      | Identified the +5 morningstar of Hatred {pain, +Blink rPois
                  | rC- MP+9}
  5792 | D:8      | Reached skill level 6 in Unarmed Combat
  5814 | D:8      | Reached **** piety under Uskayaw
  5822 | D:8      | Reached ***** piety under Uskayaw
  5832 | D:8      | Noticed a kobold demonologist
  5838 | D:8      | Noticed a red devil
  5842 | D:8      | Noticed a sun demon
  5842 | D:8      | Killed a kobold demonologist
  5843 | D:8      | Reached skill level 5 in Dodging
  5850 | D:8      | Reached ****** piety under Uskayaw
  5985 | D:8      | Found a broken altar of Ashenzari.
  6015 | D:8      | Identified the ring "Keepp" {Fly rC+ rN+ Str+3}
  6039 | D:8      | Found a runed translucent gate.
  6040 | D:8      | Found a runed translucent gate.
  6042 | D:8      | Noticed Dittersdorf's ghost (journeyman GrFi)
  6064 | D:8      | Found a basalt altar of Yredelemnul.
  6064 | D:8      | Found a shimmering altar of Xom.
  6091 | D:8      | Reached skill level 5 in Fighting
  6180 | D:9      | Reached XP level 10. HP: 88/96 MP: 15/15
  6487 | D:9      | Reached skill level 7 in Unarmed Combat
  6496 | D:9      | Found a stormy altar of Qazlal.
  6527 | D:9      | Found a staircase to the Lair.
  6739 | D:9      | Reached skill level 5 in Transmutations
  6964 | D:9      | Learned a level 4 spell: Ice Form
  6968 | D:9      | Learned a level 3 spell: Spider Form
  7379 | D:9      | You are sucked into a shaft and drop 2 floors!
  7423 | D:10     | Entered Level 10 of the Dungeon
  7425 | D:10     | Identified the +8 arbalest of Blood {flame, Dex+3 SInv}
  7456 | D:10     | Reached skill level 5 in Invocations
  7465 | D:10     | Killed from afar by an orc priest

Illustrated notes

Levels and vault maps discovered:
D:1:      kennysheep_arrival_forest, layout_loops_ring,
          shapermc_ecumenical_altar_starsandcircs
D:2:      layout_rooms, basic_altar
D:3:      cheibrodos_thug_alley, layout_loops_cross,
          minmay_overflow_temple_star_quad, uniq_grinder
D:4:      layout_loops_ring, mainiacjoe_overflow_24_doors,
          minmay_goblin_kobold_house
D:5:      layout_basic, minmay_temple_entry_trees, serial_co_window_serial,
          co_window_corner_a, co_window_paths_a, co_window_paths_a,
          co_window_corner_a, co_window_of_opportunity_a, co_window_corner_a,
          co_window_cross_3, co_window_cross_2, co_window_broadway_a,
          co_window_2corner, co_window_4corner_b, glass_columns_c,
          glass_columns_a, glass_columns_c, glass_columns_c, serial_shops, shop,
          uniq_ijyb, uniq_blork_the_orc
D:6:      layout_loops_ring, uniq_menkaure, uniq_sigmund
D:7:      layout_loops_ring, uniq_harold
D:8:      layout_rooms, gammafunk_temple_overflow_elements,
          mainiacjoe_overflow_cross_hatched, ebering_ghost_rock_garden,
          special_room [special_room_kobold]
D:9:      layout_loops_corners, nicolae_qazlal_eye_of_the_storm,
          erik_lair_island
D:10:     layout_basic, hiddenorc2_lemuel
D:11:     layout_long_grid, kennysheep_generic_room_7
Temple:   jpeg_temple_clearing

Skill      XL: |  1  2  3  4  5  6  7  8  9 10 |
---------------+-------------------------------+-----
Fighting       | 1 2 3 4 5 |  5.6
Dodging        | 2 3 4 5 |  5.9
Transmutations | 2 3 4 5 |  5.2
Unarmed Combat | 4 5 6 7 |  7.5
Spellcasting   | 2 3 4 |  4.4
Invocations    | 1 2 4 5 |  5.0

Action                   |  1- 3 |  4- 6 |  7- 9 | 10-12 || total
-------------------------+-------+-------+-------+-------++-------
Melee: Unarmed           |    55 |   146 |   205 |    91 ||   497
       Kick              |     4 |    19 |    34 |    14 ||    71
       Headbutt          |     2 |    11 |    20 |     4 ||    37
       Punch             |       |     2 |     3 |     4 ||     9
       Bite              |       |       |    20 |     6 ||    26
 Cast: Beastly Appendage |     3 |    11 |    24 |     6 ||    44
       Wereblood         |       |     2 |     3 |     1 ||     6
Evoke: Wand              |       |       |     1 |       ||     1
  Use: Scroll            |       |       |     7 |       ||     7
       Potion            |       |       |     1 |       ||     1
 Stab: Sleeping          |       |     1 |     1 |       ||     2
       Paralysed         |       |       |     6 |     2 ||     8
Armor: Robe              |     8 |    35 |    53 |    29 ||   125
Dodge: Dodged            |    17 |    69 |    60 |    56 ||   202

Table legend: (Time is in decaauts)
 A = Elapsed time spent in this place.
 B = Non-inter-level travel time spent in this place.
 C = Inter-level travel time spent in this place.
 D = Time resting spent in this place.
 E = Time spent auto-exploring this place.
 F = Levels seen in this place.
 G = Mean time per level.
                   A        B        C        D        E       F      G
               +--------+--------+--------+--------+--------+-----+--------+
         Total |   7428 |   7183 |    245 |    269 |   5329 |  12 |  619.0 |
       Dungeon |   7286 |   7041 |    245 |    269 |   5247 |  11 |  662.4 |
        Temple |    141 |    141 |      0 |      0 |     82 |   1 |  141.0 |
               +--------+--------+--------+--------+--------+-----+--------+

Top non-repeatable levels by time:
     D:9: 1195 daAuts
     D:5: 1047 daAuts
     D:6: 869 daAuts
     D:3: 865 daAuts
     D:7: 753 daAuts
     D:4: 742 daAuts
     D:1: 632 daAuts
     D:8: 610 daAuts
     D:2: 478 daAuts
  Temple: 141 daAuts
    D:10: 48 daAuts
    D:11: 43 daAuts
